 Dungeon Crawl Stone Soup version 0.29-a0-1043-g569b05d6ff (webtiles) character file.

Game seed: 14055980128829334965

75 gelatine the Firebug (level 4, -1/31 HPs)
             Began as a Demonspawn Fire Elementalist on Aug 16, 2022.
             Slain by an orc
             ... wielding a +0 flail
              (7 damage)
             ... on level 2 of the Dungeon.
             The game lasted 00:05:42 (2824 turns).

gelatine the Firebug (Demonspawn Fire Elementalist) Turns: 2824, Time: 00:05:43

Health: -1/31      AC:  2    Str:  8    XL:     4   Next: 11%
Magic:  0/7        EV: 12    Int: 19    God:
Gold:   146        SH:  0    Dex: 13    Spells: 4/7 levels left

rFire   . . .      SeeInvis .   k - +1 mace (drain)
rCold   . . .      Faith    .   (no shield)
rNeg    . . .      Spirit   .   a - +0 robe
rPois   .          Reflect  .   (helmet restricted)
rElec   .          Harm     .   (no cloak)
rCorr   .          Rampage  .   (no gloves)
Will    .....                   (no boots)
Stlth   ++........              i - amulet of regeneration
HPRegen 0.90/turn               (no ring)
MPRegen 0.20/turn               (no ring)

@: very slightly contaminated
A: horns 1, powered by pain 1, magic regeneration
a: no special abilities


You were on level 2 of the Dungeon.
You visited 1 branch of the dungeon, and saw 3 of its levels.

You collected 146 gold pieces.

Inventory:

Hand Weapons
 k - a +1 mace of draining (weapon)
Armour
 a - a +0 robe (worn)
Magical Staves
 c - a staff of earth
Jewellery
 i - an amulet of regeneration (around neck)
Scrolls
 d - 2 scrolls of immolation {unknown}
 e - a scroll of vulnerability {unknown}
 j - a scroll of fog {unknown}
 l - a scroll of identify {unknown}
 n - a scroll of summoning {unknown}
Potions
 b - a potion of magic
 f - a potion of curing {unknown}
 g - a potion of degeneration {unknown}
 h - a potion of attraction {unknown}
 m - a potion of haste {unknown}


   Skills:
 + Level 0.4 Fighting
 + Level 0.3 Short Blades
 + Level 2.2 Dodging
 + Level 2.0 Stealth
 + Level 2.2 Spellcasting
 + Level 1.4 Conjurations
 + Level 3.7 Fire Magic


You had 4 spell levels left.
You knew the following spells:

 Your Spells              Type           Power      Damage    Failure   Level
a - Foxfire               Conj/Fire      44%        2x1d6     6%          1
b - Scorch                Fire           32%        2d7       5%          2

Your spell library contained the following spells:

 Spells                   Type           Power      Damage    Failure   Level
 Conjure Flame            Conj/Fire      11%        6-21      17%         3
 Inner Flame              Hex/Fire       9%         N/A       22%         3
 Flame Wave               Conj/Fire      11%        2d6       50%         4


Dungeon Overview and Level Annotations

Branches:
Dungeon (3/15)

Altars:
Okawaru


Innate Abilities, Weirdness & Mutations

You have a pair of small horns on your head.
You sometimes gain a little power by taking damage.
You regenerate magic rapidly.


Message History

You conjure some foxfire!
The orc shouts!
The orc priest shouts!
You conjure some foxfire!
The foxfire hits the orc.
The orc is lightly wounded.
The foxfire hits the goblin.
The goblin is moderately wounded.
The orc closely misses you.
You conjure some foxfire!
The foxfire hits the orc.
The orc is heavily wounded.
The foxfire hits the goblin.
You kill the goblin!
The orc priest closely misses you. The orc hits you with a +0 flail!
You miscast Foxfire.
You are very lightly contaminated with residual magic.
Nothing appears to happen.
The foxfire hits the orc.
The orc is heavily wounded.
The foxfire hits the orc priest.
The orc priest is moderately wounded.
The orc hits you with a +0 whip.
The orc priest invokes the aid of Beogh against you.
Pain shoots through your body! The orc hits you with a +0 flail.
* * * LOW HITPOINT WARNING * * *
The orc hits you with a +0 flail.
* * * LOW HITPOINT WARNING * * *
The orc priest closely misses you. The orc barely misses you.
You climb upwards.
There is a stone staircase leading down here.
Casting: Foxfire (safe; 6% risk of failure)
Confirm with . or Enter, or press ? or * to list all spells.
Flames lash the orc.
The orc is almost dead.
The orc's fire resistance burns away.
The orc hits you with a +0 whip.
* * * LOW HITPOINT WARNING * * *
The orc closely misses you.
Casting: Scorch (safe; 5% risk of failure)
Confirm with . or Enter, or press ? or * to list all spells.
Flames lash the orc.
You kill the orc!
The orc hits you with a +0 flail!
You die...

##..##...##..####.#########
##..##.##..##............#
##..###..###.#.#...####.#
##...#...# #.#...#.####.#
#..#...#.# #.####........
#.######.# #.# #..####.#
#.# #.# #.# #........ #.#
#)# #.# #.#####.. #.# #@#
#.####.#####.. #.#
##o###.#........... #.#
##.o.##..........(..
#.####.....###.##.######.
#..........# #.##........
####### #.####.....#
#.#########. ......#
#.....#..[## #.# #.
#.###.###.###.##### #<# #.
#.....).......# ##.## #)


You could see an orc priest and an orc (combustible).

Vanquished Creatures
  Robin (D:2)
  An adder (D:2)
  A dart slug (D:2)
  An orc (D:2)
  3 bats
  An endoplasm (D:1)
  2 giant cockroaches (D:1)
  11 goblins
  4 hobgoblins
  4 jackals (D:1)
  3 quokkas
  4 ball pythons
  2 frilled lizards
  6 kobolds
  5 rats (D:1)
49 creatures vanquished.

Vanquished Creatures (collateral kills)
  7 foxfires (D:1)
7 creatures vanquished.

Vanquished Creatures (others)
  123 foxfires
  6 plants (D:1)
129 creatures vanquished.

Grand Total: 185 creatures vanquished

Notes
Turn   | Place    | Note
-------+----------+-------------------------------------------
     0 | D:1      | gelatine the Demonspawn Fire Elementalist began the quest
                  | for the Orb.
     0 | D:1      | Reached XP level 1. HP: 13/13 MP: 3/3
   288 | D:1      | Reached skill level 3 in Fire Magic
   302 | D:1      | Gained mutation: You have a pair of small horns on your
                  | head. [demonic ancestry]
   302 | D:1      | Reached XP level 2. HP: 16/19 MP: 0/5
   704 | D:1      | You fall into a shaft and drop 1 floor!
  1255 | D:1      | Gained mutation: You regenerate magic rapidly. [demonic
                  | ancestry]
  1255 | D:1      | Reached XP level 3. HP: 15/24 MP: 0/6
  1992 | D:2      | Found an iron altar of Okawaru.
  2160 | D:2      | Noticed Robin
  2167 | D:2      | Killed Robin
  2430 | D:2      | Gained mutation: You sometimes gain a little power by
                  | taking damage. [demonic ancestry]
  2430 | D:2      | Reached XP level 4. HP: 31/31 MP: 3/7
  2473 | D:2      | Found a faded altar of an unknown god.
  2768 | D:2      | Learned a level 2 spell: Scorch
  2824 | D:2      | Slain by an orc

Illustrated notes

Levels and vault maps discovered:
D:1:      dpeg_arrival_prison, layout_loops_corners, serial_forest,
          infiniplex_forest_corner_1, infiniplex_forest_clump_diagonal,
          infiniplex_forest_lined_3_way, infiniplex_forest_clump_diagonal,
          infiniplex_forest_corner_1, infiniplex_forest_lined_corner,
          infiniplex_forest_clump_double
D:2:      minmay_alternating_diamond, layout_loops_ring, basic_altar,
          basic_ecumenical_altar, uniq_robin
D:3:      layout_basic, grunt_temple_overflow_growth_and_decay,
          vehumet_crystals, uniq_crazy_yiuf_cottage, uniq_ijyb, uniq_sigmund

Skill      XL: |  1  2  3 |
---------------+----------+-----
Fire Magic     | 3 |  3.7
Dodging        | 2 |  2.2
Stealth        | 2 |  2.0
Fighting       | |  0.4
Short Blades   | |  0.3
Spellcasting   | |  2.2
Conjurations   | |  1.4

Action                   |  1- 3 |  4- 6 || total
-------------------------+-------+-------++-------
Melee: Dagger            |    67 |       ||    67
       Headbutt          |    16 |       ||    16
       Punch             |     1 |       ||     1
 Cast: Foxfire           |    69 |     8 ||    77
       Scorch            |       |     2 ||     2
Armor: Robe              |    13 |       ||    13
Dodge: Dodged            |    51 |     5 ||    56

Table legend: (Time is in decaauts)
 A = Elapsed time spent in this place.
 B = Non-inter-level travel time spent in this place.
 C = Inter-level travel time spent in this place.
 D = Time resting spent in this place.
 E = Time spent auto-exploring this place.
 F = Levels seen in this place.
 G = Mean time per level.
                   A        B        C        D        E       F      G
               +--------+--------+--------+--------+--------+-----+--------+
         Total |   2822 |   2728 |     94 |      0 |   2331 |   3 |  940.7 |
       Dungeon |   2822 |   2728 |     94 |      0 |   2331 |   3 |  940.7 |
               +--------+--------+--------+--------+--------+-----+--------+

Top non-repeatable levels by time:
     D:1: 1924 daAuts
     D:2: 892 daAuts
     D:3: 5 daAuts
